 Dungeon Crawl Stone Soup version 0.19-a0-1051-gdb7e7f8 (webtiles) character file.

3622 Jmtri7 the Fighter (level 10, -16/82 (83) HPs)
             Began as an Octopode Monk on Aug 2, 2016.
             Was a High Priest of Jiyva.
             Demolished by a tengu warrior
             ... wielding a +0 dire flail
              (19 damage)
             ... on level 8 of the Dungeon.
             The game lasted 00:38:13 (9685 turns).

Jmtri7 the Fighter (Octopode Monk)                  Turns: 9685, Time: 00:38:14

HP:   -16/82 (83)   AC:  6    Str:  9    XL:     10   Next: 11%
MP:   17/19         EV: 15    Int:  9    God:    Jiyva [*****.]
Gold: 202           SH:  4    Dex: 20    Spells: 0 memorised, 9 levels left

rFire  . . .     SeeInvis .     u - +6 mace of the Enchanted Forest {speed, +Blink Dex-5 Stlth+}
rCold  + . .     Gourm    .     (no shield)
rNeg   . . .     Faith    .     (helmet restricted)
rPois  .         Spirit   .     v - +4 amulet of reflection
rElec  .         Dismiss  .     e - ring of magical power
rCorr  +         Reflect  +     k - +5 ring of protection
SustAt .         Harm     .     w - ring of wizardry
MR     .....     Clarity  +     (no ring)
Stlth  +++++.....               (no ring)
                                (no ring)
                                (no ring)
                                (no ring)

@: not resistant to hostile enchantments, quite stealthy
A: almost no armour, amphibious, 8 rings, constrict 8, tentacle spike 1,
camouflage 1, agile 1, clarity, cold resistance 1, gelatinous body 1, jelly
absorbing missiles
a: Request Jelly, Jelly Paralyse, Slimify, Cure Bad Mutation, Renounce Religion,
Evoke Blink


You were on level 8 of the Dungeon.
You worshipped Jiyva.
Jiyva was extremely pleased with you.
You were not hungry.

You visited 2 branches of the dungeon, and saw 10 of its levels.

You collected 502 gold pieces.
You spent 300 gold pieces at shops.

Inventory:

Hand Weapons
 u - the +6 mace of the Enchanted Forest (weapon) {speed, +Blink Dex-5 Stlth+}
   (You found it on level 6 of the Dungeon)

   Attacks with this weapon are significantly faster.
   It affects your dexterity (-5).
   It lets you blink.
   It makes you more stealthy.
Jewellery
 e - a ring of magical power (left tentacle)
 k - a +5 ring of protection (right tentacle)
 v - a +4 amulet of reflection (around mantle)
 w - a ring of wizardry (on tentacle)
 z - an uncursed ring of resist corrosion
Wands
 y - a wand of digging (4/24)
Scrolls
 g - 2 scrolls of identify
 o - 2 scrolls of remove curse
Potions
 h - a potion of cancellation
 i - a potion of magic
 l - 3 potions of curing
 m - a potion of agility {unknown}
Comestibles
 a - 5 bread rations
 c - 2 meat rations
 d - 4 slices of pizza
 j - 7 beef jerkies


   Skills:
 + Level 13.9 Fighting
 - Level 3.0 Dodging
 - Level 2.6 Stealth
 - Level 3.0 Unarmed Combat


You had 9 spell levels left.
You didn't know any spells.

Dungeon Overview and Level Annotations

Branches:
Dungeon (9/15)             Temple (1/1) D:5            Lair (0/6) D:8
    Orc: D:9-12

Altars:
Ashenzari
Dithmenos
Elyvilon
Fedhas
Gozag
Hepliaklqana
Kikubaaqudgha
Makhleb
Nemelex Xobeh
Okawaru
Pakellas
Qazlal
Ru
Sif Muna
Trog
Uskayaw
Vehumet
Xom
Yredelemnul
Zin
The Shining One
Jiyva

Shops:
D:6 *   D:7 (*}!   D:8 }

Annotations:
D:9 2 runed doors


Innate Abilities, Weirdness & Mutations

You cannot wear most types of armour.
You are amphibious.
You can wear up to eight rings at the same time.
You can use your tentacles to constrict eight enemies at once.
Your skin changes colour to match your surroundings (Stealth+).
Your rubbery body absorbs attacks. (AC +1, EV +1)
One of your tentacles bears a spike.
You are agile. (Dex +2)
You possess an exceptional clarity of mind.
Your flesh is cold resistant. (rC+)
You have a small jelly attached to you that may absorb incoming projectiles.


Message History

The tengu warrior pecks you but does no damage.
The tengu warrior claws you but does no damage.
Your surroundings suddenly seem different.
Jiyva's power touches on your attributes.
You feel agile.
You feel stupid.
The tengu warrior hits you with a dire flail!!
* * * LOW HITPOINT WARNING * * *
The tengu warrior pecks you but does no damage.
The tengu warrior barely misses you.
The tengu warrior hits you with a dire flail.
* * * LOW HITPOINT WARNING * * *
The tengu warrior pecks you.
* * * LOW HITPOINT WARNING * * *
The tengu warrior claws you.
* * * LOW HITPOINT WARNING * * *
You blink.
You feel slightly more hungry.
You blink.
You feel slightly more hungry.
The tengu warrior hits you with a dire flail!!
You die...

#
#####..................#....
#
#....................(.###.#
#
#.>...###########......#....
# #.....# #.....J#.#.. #
#.....######## #......#.###
# ######.......#
#......#J#.. # #......ยง#
#......#.#.# # #.......#
#......#.#.# # #.....@.#
#.....##.#.#
########....Q..#
#......J.#.#
####..............#
#.########.#
...#..............#
#.#......#.#
...#...........J..#
#.#.####.#J#
...#..............#
##.#....#.#..
...#..>...........#
#.........#..
...#.........J....#
#..#####.....
...#...J.(........#
#............


You could see a tengu warrior and 2 neutral jellies (fellow slime).

Vanquished Creatures
  Pikel (D:7)
  Sigmund (D:6)
  A wyvern (D:9)
  A warg (D:3)
  The ghost of Nausicaa the Ruffian, an amateur VSMo (D:4)
  3 slaves (D:7)
  An orc warrior (D:7)
  3 ice beasts
  A sky beast (D:6)
  A phantom (D:7)
  4 ogres
  A necrophage (D:7)
  3 centaurs
  4 big kobolds (D:3)
  Blork the orc (D:6)
  2 giant frogs
  2 wights (D:8)
  The ghost of Jmtri7 the Changer, a weakling OpTm (D:3)
  2 crimson imps
  2 orc priests (D:5)
  3 hounds
  Crazy Yiuf (D:2)
  3 orc wizards
  A centaur skeleton (D:4)
  2 iguanas (D:8)
  4 hell rats (D:7)
  3 worker ants
  2 hound skeletons
  Robin (D:2)
  9 gnolls (D:3)
  10 adders
  7 river rats (D:7)
  3 shadow imps
  4 oozes
  An adder zombie (D:9)
  4 worms
  4 dart slugs
  9 giant geckos
  18 orcs
  8 giant cockroaches
  15 goblins
  15 hobgoblins
  13 jackals
  3 quokkas
  13 bats
  A giant cockroach zombie (D:5)
  8 giant newts
  A jackal zombie (D:5)
  41 kobolds
  14 rats
257 creatures vanquished.

Vanquished Creatures (others)
  Prince Ribbit (D:5)
  Grinder (D:5)
  5 yaks (D:8)
  A slave (D:7)
  A sky beast (D:8)
  An ice beast (D:8)
  2 ogres (D:5)
  A centaur (D:5)
  2 giant frogs
  2 scorpions
  21 jellies
  A howler monkey (D:8)
  2 wights (D:8)
  2 crimson imps
  2 hounds (D:5)
  2 orc priests (D:7)
  An iguana (D:8)
  3 worker ants
  2 hound skeletons
  A howler monkey zombie (D:7)
  A gnoll (D:5)
  An adder (D:7)
  3 adder zombies
  An adder skeleton (D:8)
  2 giant geckos
  11 orcs
  2 quokkas
  A jackal skeleton (D:8)
  7 rats (D:7)
  5 plants (D:7)
88 creatures vanquished.

Grand Total: 345 creatures vanquished

Notes
Turn   | Place    | Note
-------+----------+-------------------------------------------
     0 | D:1      | Jmtri7 the Octopode Monk began the quest for the Orb.
     0 | D:1      | Reached XP level 1. HP: 16/16 MP: 1/1
   165 | D:1      | Reached XP level 2. HP: 16/21 MP: 2/2
   320 | D:1      | Reached skill level 4 in Fighting
   331 | D:1      | Reached XP level 3. HP: 10/27 MP: 3/3
  1011 | D:2      | Found a stormy altar of Qazlal.
  1031 | D:2      | Found an opulent altar of Gozag.
  1138 | D:2      | Reached XP level 4. HP: 23/34 MP: 4/4
  1465 | D:2      | Found a runed door.
  1651 | D:2      | Reached skill level 5 in Fighting
  1691 | D:2      | Noticed Robin
  1709 | D:2      | Killed Robin
  2438 | D:2      | Noticed Crazy Yiuf
  2446 | D:2      | Killed Crazy Yiuf
  2446 | D:2      | Reached XP level 5. HP: 24/41 MP: 5/5
  2660 | D:3      | Noticed Jmtri7's ghost (weakling OpTm)
  3222 | D:3      | Killed Jmtri7's ghost
  3222 | D:3      | Reached skill level 6 in Fighting
  3334 | D:3      | Found a shattered altar of Ashenzari.
  3352 | D:3      | Reached XP level 6. HP: 22/47 MP: 6/6
  3684 | D:3      | Found a sparkling altar of Nemelex Xobeh.
  3898 | D:3      | Reached skill level 7 in Fighting
  3980 | D:3      | Got a scorched helmet
  4224 | D:3      | Noticed a warg
  4224 | D:3      | a big kobold changed into a warg
  4229 | D:3      | Killed a warg
  4229 | D:3      | Reached XP level 7. HP: 33/54 MP: 7/7
  4367 | D:3      | Reached skill level 8 in Fighting
  4411 | D:3      | Reached skill level 9 in Fighting
  4696 | D:4      | Found a sacrificial altar of Ru.
  4789 | D:4      | Found a basalt altar of Yredelemnul.
  4872 | D:4      | Noticed Nausicaa's ghost (amateur VSMo)
  4880 | D:4      | Killed Nausicaa's ghost
  4880 | D:4      | Reached XP level 8. HP: 62/63 MP: 8/8
  5193 | D:5      | Entered Level 5 of the Dungeon
  5226 | D:5      | Found a staircase to the Ecumenical Temple.
  5241 | Temple   | Entered the Ecumenical Temple
  5339 | Temple   | Became a worshipper of Jiyva Jalymoam the Shapeless
  5339 | Temple   | Reached * piety under Jiyva
  5339 | Temple   | Reached ** piety under Jiyva
  5532 | D:5      | Noticed Grinder
  5537 | D:5      | Killed Grinder
  5545 | D:5      | Reached skill level 10 in Fighting
  5575 | D:5      | Reached *** piety under Jiyva
  5602 | D:5      | Killed Prince Ribbit
  5798 | D:5      | Gained mutation: Your flesh is cold resistant. (rC+) [Jiyva's grace]
  5999 | D:6      | Got a transparent mace
  6000 | D:6      | Identified the +6 mace of the Enchanted Forest {speed, +Blink Dex-5 Stlth+} (You found it on level 6 of the Dungeon)
  6053 | D:6      | Noticed Blork the orc
  6055 | D:6      | Noticed Sigmund
  6062 | D:6      | Killed Blork the orc
  6072 | D:6      | Killed Sigmund
  6072 | D:6      | Reached skill level 11 in Fighting
  6360 | D:6      | Reached XP level 9. HP: 69/72 MP: 9/9
  6391 | D:6      | Found an oddly glowing altar of Pakellas.
  6483 | D:6      | Found Elut's Assorted Antiques.
  6491 | D:6      | Bought a graven book for 300 gold pieces
  6491 | D:6      | Identified the Disquisition on Doomed Protection (You bought it in a shop on level 6 of the Dungeon)
  6836 | D:7      | Found Teucw's Antique Weapon Shop.
  6844 | D:7      | Identified a +0 rod of ignition (11/11) (You found it on level 7 of the Dungeon)
  6910 | D:7      | Found Wievet's Assorted Antiques.
  6938 | D:7      | Gained mutation: You are agile. (Dex +2) [Jiyva's grace]
  6958 | D:7      | Reached skill level 12 in Fighting
  6959 | D:7      | Reached **** piety under Jiyva
  7100 | D:7      | Gained mutation: You have a small jelly attached to you that senses nearby items. [Jiyva's grace]
  7279 | D:7      | Found Fowk's Gadget Shop.
  7306 | D:7      | Found an iron altar of Okawaru.
  7353 | D:7      | Found Balatuog's Distillery.
  7355 | D:7      | Noticed Pikel
  7388 | D:7      | Killed Pikel
  7435 | D:7      | Found Cesmejoh's Antique Weapon Shop.
  7453 | D:7      | Found a blossoming altar of Fedhas.
  7455 | D:7      | Found an ancient bone altar of Kikubaaqudgha.
  7770 | D:7      | Found a glowing silver altar of Zin.
  7771 | D:7      | Found an oddly glowing altar of Pakellas.
  7890 | D:7      | Lost mutation: You have a small jelly attached to you that senses nearby items. [Jiyva's grace]
  7898 | D:7      | Found a hide-covered altar of Uskayaw.
  7903 | D:7      | Noticed a dagger
  7903 | D:7      | Noticed a hand axe
  8014 | D:7      | Reached skill level 13 in Fighting
  8386 | D:8      | Noticed a death ooze
  8386 | D:8      | a wight changed into a death ooze
  8394 | D:8      | Gained mutation: You have a small jelly attached to you that may absorb incoming projectiles. [Jiyva's grace]
  8459 | D:8      | Reached ***** piety under Jiyva
  8478 | D:8      | Gained mutation: One of your tentacles bears a spike. [Jiyva's grace]
  8686 | D:8      | Reached XP level 10. HP: 73/81 MP: 10/10
  8849 | D:8      | Found a staircase to the Lair.
  9020 | D:8      | Found Ciucruu's Gadget Emporium.
  9053 | D:8      | Found a shimmering altar of Xom.
  9314 | D:8      | Gained mutation: You possess an exceptional clarity of mind. [Jiyva's grace]
  9393 | D:9      | Noticed a tengu warrior
  9400 | D:9      | Found a large runed door.
  9400 | D:9      | Found a large runed door.
  9405 | D:9      | Noticed a cyclops
  9683 | D:8      | HP: 2/82 [tengu warrior/dire flail (4)]
  9685 | D:8      | Demolished by a tengu warrior

Vault maps used:
D:1:      onia_arrival_mini_maze, minmay_pentomino_p4
D:2:      grunt_gozag_breadcrumbs, grunt_qazlal_sundering,
          uniq_crazy_yiuf_cottage, uniq_robin
D:3:      minmay_goblin_kobold_castle, old_standard_altar, nemelex_altar_shiori,
          minmay_checkerbox
D:4:      nicolae_ru_awakened_eye, kennysheep_mini_moat
D:5:      serial_bayou, serial_bayou_pond_c, serial_bayou_shore_b,
          serial_bayou_crossing, serial_bayou_lagoon_a, first_bread,
          cheibrodos_gnoll_hut, uniq_grinder, uniq_prince_ribbit1
D:6:      serial_shops, shop, johnstein_pakellas_dig, uniq_sigmund,
          uniq_blork_the_orc
D:7:      lemuel_ratsnest, grunt_temple_overflow_growth_and_decay,
          lemuel_coloured_pillars_altar, dancing_weapons_uskayaw,
          gammafunk_temple_overflow_statue, serial_shops, shop, shop,
          kennysheep_little_box, shop, nicolae_shop_trees, grunt_ogre_cave,
          serial_bayou_pond_c, uniq_pikel
D:8:      xom_teletrap_fun, lair_0_dummy, serial_shops, shop
D:9:      cheibriados_altar_1, jmf_multi_god_temple2, uniq_gastronok
Temple:   pf_slimified_temple

Skill      XL: |  1  2  3  4  5  6  7  8  9 |
---------------+----------------------------+-----
Fighting       | 4 5 6 7 9 11 13 | 13.9
Dodging        | |  3.0
Stealth        | |  2.6
Unarmed Combat | |  3.0

Action                   |  1- 3 |  4- 6 |  7- 9 | 10-12 || total
-------------------------+-------+-------+-------+-------++-------
Melee: Unarmed           |    74 |    75 |       |       ||   149
       Constrict         |    22 |    40 |    70 |     8 ||   140
       Tentacles         |    16 |    35 |    77 |     9 ||   137
       Punch             |     4 |     6 |     5 |       ||    15
       Quarterstaff      |       |   102 |    94 |       ||   196
       Mace              |       |       |   212 |    30 ||   242
       Whip              |       |       |    32 |       ||    32
       Kick              |       |       |     3 |    11 ||    14
Invok: Request Jelly     |       |       |    23 |     4 ||    27
       Slimify           |       |       |     1 |       ||     1
 Abil: Evoke Blink       |       |       |       |     2 ||     2
  Use: Scroll            |       |     7 |       |     5 ||    12
       Potion            |       |       |       |     2 ||     2
 Stab: Sleeping          |     7 |    11 |    15 |       ||    33
       Distracted        |       |     2 |       |       ||     2
       Petrifying        |       |     1 |       |       ||     1
  Eat: Chunk             |     1 |     9 |     4 |       ||    14
Armor: Skin              |    16 |    24 |    63 |    15 ||   118
Dodge: Dodged            |    51 |   148 |   221 |    58 ||   478
Block: Other             |       |       |       |     6 ||     6
